 Dungeon Crawl Stone Soup version 0.28.0-53-g5a82cb258f (console) character file.

Game seed: 333827903971981508

5717 erker the Geomancer (level 10, 0/56 HPs)
             Began as an Octopode Earth Elementalist on July 13, 2022.
             Slain by a yak (10 damage)
             ... on level 10 of the Dungeon.
             The game lasted 01:00:08 (10674 turns).

erker the Geomancer (Octopode Earth Elementalist)  Turns: 10674, Time: 01:00:08

Health: 0/56       AC:  1    Str: 14    XL:     10   Next: 76%
Magic:  6/16       EV: 13    Int: 22    God:
Gold:   374        SH:  0    Dex: 18    Spells: 8/17 levels left

rFire   . . .      SeeInvis .   a - +3 dagger (vamp)
rCold   . . .      Faith    .   o - orb {guile}
rNeg    . . .      Spirit   .   (helmet restricted)
rPois   .          Reflect  .   (no amulet)
rElec   .          Harm     .   e - ring of wizardry
rCorr   +          Rampage  .   i - ring of resist corrosion
Will    .....                   u - +6 ring of strength
Stlth   ++++......              w - ring of flight
HPRegen 0.18/turn               A - +6 ring of dexterity
MPRegen 0.15/turn               F - ring of willpower
                                (no ring)
                                (no ring)

@: flying
A: almost no armour, amphibious, 8 rings, camouflage 1, gelatinous body 1,
(nimble swimmer 1), tentacles
a: no special abilities


You were on level 10 of the Dungeon.
You visited 2 branches of the dungeon, and saw 11 of its levels.
You also visited: Bailey.

You collected 374 gold pieces.

Inventory:

Hand Weapons
 a - a +3 vampiric dagger (weapon)
 b - a +0 hand crossbow
Missiles
 j - a throwing net
 l - 13 poisoned darts
 p - 3 boomerangs of dispersal
 x - 51 bolts
 G - 2 curare-tipped darts
 M - 200 stones
Armour
 o - an orb of guile (worn)
Jewellery
 e - a ring of wizardry (left tentacle)
 i - a ring of resist corrosion (right tentacle)
 u - a +6 ring of strength (on tentacle)
 w - a ring of flight (on tentacle)
 A - a +6 ring of dexterity (on tentacle)
 F - a ring of willpower (on tentacle)
Wands
 B - a wand of flame (52)
 D - a wand of charming (5)
 P - a wand of mindburst (5)
Scrolls
 c - a scroll of teleportation {unknown}
 d - a scroll of silence {unknown}
 f - 3 scrolls of immolation {unknown}
 k - 5 scrolls of identify {unknown}
 m - a scroll of holy word {unknown}
 r - 2 scrolls of amnesia {unknown}
 s - a scroll of vulnerability {unknown}
 v - a scroll of torment {unknown}
 y - 4 scrolls of blinking {unknown}
 C - a scroll of fear {unknown}
 L - a scroll of magic mapping {unknown}
 N - a scroll of fog {unknown}
 Q - a scroll of enchant armour {unknown}
Potions
 g - a potion of attraction {unknown}
 h - 6 potions of curing {unknown}
 n - 8 potions of heal wounds {unknown}
 q - 3 potions of haste {unknown}
 t - 6 potions of might {unknown}
 z - a potion of degeneration {unknown}
 E - a potion of brilliance {unknown}
 H - 3 potions of cancellation {unknown}
 I - 4 potions of magic {unknown}
 J - a potion of resistance {unknown}
 K - 2 potions of invisibility {unknown}
 O - 4 potions of lignification {unknown}


   Skills:
 - Level 4.0 Short Blades
 - Level 2.0 Dodging
 - Level 4.0 Stealth
 - Level 4.0 Spellcasting
 - Level 4.0 Hexes
 + Level 9.5 Transmutations
 - Level 4.0 Ice Magic
 - Level 10.0 Earth Magic


You had 8 spell levels left.
You knew the following spells:

 Your Spells              Type           Power      Damage    Failure   Level
a - Sandblast             Erth           96%        2d20      1%          1
p - Petrify               Tmut/Erth      47%        N/A       1%          4
w - Passwall              Tmut/Erth      39%        N/A       1%          2
z - Ensorcelled Hibernat  Hex/Ice        44%        N/A       1%          2

Your spell library contained the following spells:

 Spells                   Type           Power      Damage    Failure   Level
 Stone Arrow              Conj/Erth      52%        3d10      1%          3
 Foxfire                  Conj/Fire      16%        2x1d4     4%          1
 Inner Flame              Hex/Fire       13%        N/A       6%          3
 Conjure Flame            Conj/Fire      4%         6-21      13%         3
 Swiftness                Air            4%         N/A       13%         3
 Airstrike                Air            2%         N/A       38%         4
 Flame Wave               Conj/Fire      4%         2d5       38%         4
 Passage of Golubria      Tloc           4%         N/A       38%         4
 Summon Lightning Spire   Summ/Air       4%         N/A       38%         4
 Silence                  Hex/Air        6%         N/A       45%         5
 Lightning Bolt           Conj/Air       2%         1d13      73%         5
 Lehudib's Crystal Spear  Conj/Erth      13%        10d4      100%        8


Dungeon Overview and Level Annotations

Branches:
Dungeon (10/15)            Temple (1/1) D:5          Bailey (visited)
   Lair: D:8-11         Orc: D:9-12

Altars:
Ashenzari
Cheibriados
Dithmenos
Elyvilon
Fedhas
Hepliaklqana
Kikubaaqudgha
Makhleb
Nemelex Xobeh
Okawaru
Qazlal
Ru
Sif Muna
Trog
Uskayaw
Vehumet
Wu Jian
Xom
Zin
The Shining One

Shops:
D:5 (

Annotations:
D:3 Sigmund
D:5 exclusion: water moccasin, Edmund
D:6 exclusion: phantom, Menkaure
D:7 1 transporter, exclusion: ice beast, Dowan
D:8 1 exclusion
D:9 exclusion: kobold brigand


Innate Abilities, Weirdness & Mutations

You cannot wear most types of armour.
You are amphibious.
You can wear up to eight rings at the same time.
Your skin changes colour to match your surroundings (Stealth+).
Your rubbery body absorbs attacks. (AC +1, EV +1)
((You are camouflaged when in or above water. (Stealth+)))
You have tentacles for arms and can constrict up to eight enemies at once.


Message History

Aiming: Ensorcelled Hibernation (safe; 1% risk of failure)
Press: ? - help, Shift-Dir - straight line, f - yak
Aim: a yak (chance to affect: 71%)
The yak looks drowsy...
The yak gores you.
The helpless yak fails to defend itself.
You impale the yak!!
The yak is severely wounded.
The yak gores you.
You hit the yak but do no damage. You squeeze the yak.
The yak is severely wounded.
The yak barely misses you.
Press: ? - help, v - describe, . - travel
Here: a yak (severely wounded)
The floor.
Unknown command.
Unknown command.
Unknown command.
You hit the yak. You squeeze the yak.
You kill the yak!
The yak gores you! The yak closely misses you.
Casting: Ensorcelled Hibernation (safe; 1% risk of failure)
Confirm with . or Enter, or press ? or * to list all spells.
Aiming: Ensorcelled Hibernation (safe; 1% risk of failure)
Press: ? - help, Shift-Dir - straight line, f - yak
Aim: a yak (chance to affect: 71%)
The yak resists with significant effort.
The yak gores you! x2
Casting: Ensorcelled Hibernation (safe; 1% risk of failure)
Confirm with . or Enter, or press ? or * to list all spells.
Aiming: Ensorcelled Hibernation (safe; 1% risk of failure)
Press: ? - help, Shift-Dir - straight line, f/p - yak
Aim: a yak (chance to affect: 71%)
The yak looks drowsy...
The yak misses you.
The helpless yak fails to defend itself.
You impale the yak!! You squeeze the yak, but do no damage.
The yak is almost dead.
The yak gores you!
* * * LOW HITPOINT WARNING * * *
The yak gores you!
You die...

.....+ .....#
##########.....#
.........#.....#
.........#Y....#
#........#.....#
#.......†#.....#
#......<@Y.....#
#.......Y#.....#
#........#.......
#........#.......
+........#.......
#........#.......
#........+.......
#........#.......


You could see 2 yaks.

Vanquished Creatures
  2 two-headed ogres
  An orc knight (Bailey)
  A cyclops (D:9)
  Prince Ribbit (D:7)
  2 dream sheep (D:9)
  3 yaks (D:10)
  2 steam dragons
  A water moccasin (D:7)
  A hornet zombie (D:8)
  3 orc warriors (D:9)
  A sky beast (D:6)
  A black bear (D:7)
  A centaur (D:7)
  5 kobold brigands
  2 bullfrogs
  Blork the orc (D:6)
  A wyvern zombie (D:8)
  A scorpion (D:7)
  A wyvern skeleton (D:5)
  3 wights (D:8)
  A centaur zombie (D:7)
  A gnoll shaman (D:8)
  5 orc priests
  3 jellies
  A hound (D:4)
  3 iguanas
  Jessica (D:3)
  8 orc wizards
  A hound skeleton (D:4)
  A howler monkey skeleton (D:7)
  3 adders
  14 gnolls
  4 white imps
  An ufetubus (D:5)
  An adder zombie (D:5)
  A worm (D:5)
  44 orcs
  3 bats
  9 endoplasms
  2 giant cockroaches (D:2)
  12 hobgoblins
  2 jackals (D:4)
  19 kobolds
  2 quokkas (D:2)
  12 ball pythons
  5 frilled lizards
  9 goblins
  5 rats
207 creatures vanquished.

Vanquished Creatures (others)
  A gnoll (Bailey)
1 creature vanquished.

Grand Total: 208 creatures vanquished

Notes
Turn   | Place    | Note
-------+----------+-------------------------------------------
     0 | D:1      | erker the Octopode Earth Elementalist began the quest for
                  | the Orb.
     0 | D:1      | Reached XP level 1. HP: 11/11 MP: 3/3
   117 | D:1      | Found a faded altar of an unknown god.
   145 | D:1      | Reached XP level 2. HP: 14/17 MP: 5/5
   239 | D:1      | Reached skill level 1 in Short Blades
   648 | D:2      | Learned a level 2 spell: Passwall
   668 | D:2      | Reached XP level 3. HP: 16/21 MP: 6/6
  1462 | D:2      | Reached XP level 4. HP: 27/27 MP: 7/7
  1523 | D:2      | Reached skill level 4 in Earth Magic
  2562 | D:3      | Noticed Jessica
  2577 | D:3      | Reached XP level 5. HP: 25/31 MP: 8/8
  2596 | D:3      | Noticed Sigmund
  2687 | D:3      | Killed Jessica
  2971 | D:3      | Learned a level 4 spell: Petrify
  3007 | D:3      | Noticed a phantom
  3398 | D:4      | Found a white marble altar of Elyvilon.
  3703 | D:4      | Reached XP level 6. HP: 36/36 MP: 9/9
  3802 | D:5      | Entered Level 5 of the Dungeon
  3992 | D:5      | Found a bloodstained altar of Trog.
  4043 | D:5      | Found Weeny's Weapon Shoppe.
  4678 | D:5      | Found a staircase to the Ecumenical Temple.
  4683 | Temple   | Entered the Ecumenical Temple
  5011 | D:5      | Noticed a water moccasin
  5020 | D:5      | Noticed Edmund
  5455 | D:6      | Noticed Blork the orc
  5526 | D:6      | Killed Blork the orc
  5527 | D:6      | Reached skill level 5 in Earth Magic
  5527 | D:6      | Reached XP level 7. HP: 41/41 MP: 8/11
  6113 | D:6      | Noticed Menkaure
  6162 | D:6      | Reached skill level 6 in Earth Magic
  6545 | D:7      | Reached skill level 5 in Transmutations
  6716 | D:7      | Reached XP level 8. HP: 46/46 MP: 9/12
  6784 | D:7      | Noticed Dowan
  6988 | D:7      | Found a sparkling altar of Nemelex Xobeh.
  6988 | D:7      | Found a transporter.
  6988 | D:7      | Noticed a rakshasa
  7034 | D:7      | Noticed Prince Ribbit
  7042 | D:7      | Killed Prince Ribbit
  7047 | D:7      | Learned a level 2 spell: Ensorcelled Hibernation
  7103 | D:7      | Found a hazy altar of Hepliaklqana.
  7109 | D:7      | Found a glowing golden altar of the Shining One.
  7385 | D:8      | Found a shimmering altar of Xom.
  7386 | D:8      | Found a shimmering altar of Xom.
  7391 | D:8      | Reached skill level 1 in Hexes
  7391 | D:8      | Reached skill level 1 in Ice Magic
  7400 | D:8      | Found a shimmering altar of Xom.
  7400 | D:8      | Found a shimmering altar of Xom.
  7401 | D:8      | Found a shimmering altar of Xom.
  7402 | D:8      | Found a shimmering altar of Xom.
  7657 | D:8      | Reached skill level 7 in Earth Magic
  7657 | D:8      | Reached XP level 9. HP: 28/51 MP: 8/15
  7801 | D:8      | Noticed a two-headed ogre
  7884 | D:8      | Found a flagged portal.
  7892 | Bailey   | Entered a bailey
  8188 | Bailey   | Noticed an orc knight
  8270 | Bailey   | Killed an orc knight
  8888 | D:8      | Killed a two-headed ogre
  8889 | D:8      | Reached skill level 8 in Earth Magic
  8921 | D:8      | Reached XP level 10. HP: 39/56 MP: 8/16
  8997 | D:8      | Found a shadowy altar of Dithmenos.
  9395 | D:9      | Noticed a two-headed ogre
  9406 | D:9      | Killed a two-headed ogre
  9407 | D:9      | Reached skill level 9 in Earth Magic
 10018 | D:9      | Noticed a cyclops
 10028 | D:9      | Killed a cyclops
 10038 | D:9      | Reached skill level 10 in Earth Magic
 10510 | D:9      | Noticed a three-headed hydra
 10654 | D:10     | Entered Level 10 of the Dungeon
 10674 | D:10     | Slain by a yak

Illustrated notes

Levels and vault maps discovered:
D:1:      minmay_arrival_solitary_statue, layout_loops_ring,
          dreamdust_ecumenical_altar_angels_and_demons
D:2:      layout_loops_cross, minmay_heptomino_o4
D:3:      layout_rooms, lemuel_zombie_altar_yredelemnul,
          nicolae_gozag_seed_capital, bh_walls_and_bars, uniq_terence,
          uniq_sigmund, uniq_jessica
D:4:      layout_basic, elyvilon_altar_1
D:5:      layout_loops_ring, mainiacjoe_overflow_chevrons, temple_statues,
          nicolae_stop_n_shop_1, amcnicky_mini_pool_medium, uniq_edmund
D:6:      layout_loops_cross, uniq_blork_the_orc, uniq_menkaure
D:7:      layout_cave_pools, grunt_nemelex_the_gamble,
          chequers_temple_overflow_statue_of_worship, uniq_duvessa,
          uniq_prince_ribbit1
D:8:      layout_basic, xom_redecorated, kennysheep_mini, enter_bailey_5
D:9:      layout_loops_corners, hangedman_ranch
D:10:     layout_irregular_city, minmay_misc_feat_iff, dk_vineyard_3
Temple:   nicolae_temple_figure_eight

Skill      XL: |  1  2  3  4  5  6  7  8  9 10 |
---------------+-------------------------------+-----
Stealth        | 3 4 |  4.0
Short Blades   | 1 2 4 |  4.0
Earth Magic    | 4 5 6 7 8 10 | 10.0
Transmutations | 2 4 5 6 7 9 |  9.5
Spellcasting   | 3 4 |  4.0
Hexes          | 2 4 |  4.0
Ice Magic      | 2 4 |  4.0
Dodging        | |  2.0

Action                   |  1- 3 |  4- 6 |  7- 9 | 10-12 || total
-------------------------+-------+-------+-------+-------++-------
Melee: Dagger            |    51 |    96 |    90 |    81 ||   318
       Constrict         |    11 |    20 |    16 |    16 ||    63
       Tentacles         |    13 |    20 |    27 |    18 ||    78
       Punch             |     1 |       |     2 |       ||     3
 Fire: Hand crossbow     |       |       |     1 |       ||     1
 Cast: Sandblast         |    16 |    29 |    73 |    10 ||   128
       Passwall          |     2 |    10 |     9 |     1 ||    22
       Petrify           |       |     4 |    16 |     5 ||    25
       Ensorcelled Hiber |       |       |     1 |    17 ||    18
Evoke: Wand              |       |       |     2 |       ||     2
  Use: Scroll            |       |       |     1 |       ||     1
 Stab: Sleeping          |    11 |    19 |    18 |    12 ||    60
       Petrified         |       |     8 |    21 |    12 ||    41
Armor: Skin              |     3 |     3 |     5 |     2 ||    13
Dodge: Dodged            |    22 |    49 |    42 |    19 ||   132
